 Dungeon Crawl Stone Soup version 0.20-a0-641-g673355a (webtiles) character file.

53 nikopol the Covered (level 3, 0/24 HPs)
             Began as a Gargoyle Fighter on Feb 13, 2017.
             Killed by nerve-wracking pain
             ... invoked by Grinder
              (6 damage)
             ... on level 3 of the Dungeon.
             The game lasted 00:03:16 (1935 turns).

nikopol the Covered (Gargoyle Fighter)              Turns: 1935, Time: 00:03:17

Health: 0/24       AC: 12    Str: 19    XL:     3   Next: 89%
Magic:  3/3        EV:  5    Int:  8    God:
Gold:   118        SH:  9    Dex: 10    Spells: 2/2 levels left

rFire    . . .     SeeInvis .   a - +0 flail
rCold    . . .     Gourm    .   j - +0 chain mail
rNeg     + . .     Faith    .   c - +0 shield
rPois    ∞         Spirit   .   (no helmet)
rElec    +         Reflect  .   (no cloak)
rCorr    .         Harm     .   (no gloves)
MR       .....                  (no boots)
Stlth    ..........             (no amulet)
Regen    0.1/turn               (no ring)
MPRegen  0.1/turn               (no ring)

@: no status effects
A: negative energy resistance 1, electricity resistance, unbreathing,
petrification resistance, rot immunity, AC +3
a: no special abilities


You were on level 3 of the Dungeon.
You were hungry.

You visited 1 branch of the dungeon, and saw 3 of its levels.

You collected 118 gold pieces.

Inventory:

Hand Weapons
 a - a +0 flail (weapon)
Armour
 b - a +0 scale mail
 c - a +0 shield (worn)
 j - a +0 chain mail (worn)
Jewellery
 h - a cursed amulet of inaccuracy {unknown}
 m - an uncursed ring of see invisible {unknown}
Scrolls
 e - 3 scrolls of identify {unknown}
 g - 2 scrolls of teleportation {unknown}
 k - a scroll of amnesia {unknown}
 l - a scroll of fog {unknown}
 n - a scroll of magic mapping {unknown}
Potions
 d - a potion of might
Books
 o - a book of Cantrips

   Spells                             Type                      Level
   a - Confusing Touch                Hexes                        1
   b - Animate Skeleton               Necromancy                   1
   c - Summon Small Mammal            Summoning                    1
   d - Apportation                    Translocation                1
Comestibles
 f - 2 bread rations
 i - a royal jelly
 p - 3 chunks of flesh


   Skills:
 + Level 3.7 Fighting
 + Level 2.6 Maces & Flails
 + Level 4.0 Armour
 + Level 3.7 Shields


You had 2 spell levels left.
You didn't know any spells.

Dungeon Overview and Level Annotations

Branches:
Dungeon (3/15)

Altars:

Annotations:
D:3 Grinder


Innate Abilities, Weirdness & Mutations

You are resistant to torment.
Your stone body is resilient. (AC +3)
You are immune to poison.
You resist negative energy. (rN+)
You are resistant to electric shocks. (rElec)
You can survive without breathing.
You are immune to petrification.
You are immune to rotting.


Message History

You closely miss Grinder.
Grinder is severely wounded.
Grinder hits you but does no damage.
You thump Grinder!
Grinder is almost dead.
You block Grinder's attack.
You hit Grinder.
Grinder is almost dead.
Grinder hits you but does no damage.
Grinder blinks!
You see here a rat corpse.
You butcher the rat corpse.
Things that are here:
a chunk of flesh; a rat skeleton
p - 3 chunks of flesh (gained 1) Grinder gestures at you.
You suddenly lose the ability to move!
You can move again.
Grinder gestures at you. Pain shoots through your body!
You die...

########.........#
.....
##........###.....
#.##.............
#..#...........# .
##.#...........#
...##....)........###
....'..............'..
....###............###
### #.@#####........
#.5#####.#######
#........# ##.####..#
#..# #..#..
##.###..#..
##########..#....#
.................+
..........÷......#


You could see Grinder.

Vanquished Creatures
  An ooze (D:2)
  A worm (D:2)
  2 dart slugs (D:1)
  A leopard gecko (D:1)
  An orc (D:3)
  A ball python (D:1)
  6 bats
  A giant cockroach (D:1)
  3 hobgoblins
  2 jackals (D:3)
  9 kobolds
  A frilled lizard (D:1)
  4 goblins
  6 rats
39 creatures vanquished.

Notes
Turn   | Place    | Note
-------+----------+-------------------------------------------
     0 | D:1      | nikopol the Gargoyle Fighter began the quest for the Orb.
     0 | D:1      | Reached XP level 1. HP: 14/14 MP: 1/1
   178 | D:1      | Reached XP level 2. HP: 12/19 MP: 2/2
  1090 | D:1      | Reached XP level 3. HP: 23/23 MP: 3/3
  1428 | D:2      | Reached skill level 4 in Armour
  1488 | D:2      | You fall through a shaft!
  1876 | D:3      | Noticed Grinder
  1907 | D:3      | Paralysed by Grinder for 7 turns
  1931 | D:3      | Paralysed by Grinder for 3 turns
  1935 | D:3      | Killed from afar by Grinder

Vault maps used:
D:1:      kilobyte_arrival_exit_the_forest
D:3:      first_bread, uniq_grinder

Skill      XL: |  1  2  3 |
---------------+----------+-----
Armour         | 4 |  4.0
Fighting       | |  3.7
Maces & Flails | |  2.6
Shields        | |  3.7

Action                   || total
-------------------------++-------
Melee: Flail             ||   162
  Eat: Chunk             ||     3
Armor: Scale mail        ||    11
       Chain mail        ||   107
Dodge: Dodged            ||    34
Block: Shield            ||    98
